 Dungeon Crawl Stone Soup version 0.30-b1-2-g02819fbbbe (webtiles) character file.

Game seed: 3361968318094886164

13 Alarkh the Vexing (level 2, 21/21 HPs)
             Began as a Demonspawn Hexslinger on July 7, 2023.
             Got out of the dungeon alive.
             The game lasted 00:00:16 (235 turns).

Alarkh the Vexing (Demonspawn Hexslinger)            Turns: 235, Time: 00:00:17

Health: 21/21      AC:  2    Str: 10    XL:     2   Next: 24%
Magic:  3/3        EV: 12    Int: 14    God:
Gold:   24         SH:  4    Dex: 13    Spells: 2/3 levels left

rFire   . . .        a - +1 sling
rCold   . . .        (no shield)
rNeg    . . .        c - +0 robe
rPois   .            (no helmet)
rElec   .            (no cloak)
rCorr   .            (no gloves)
SInv    .            (no boots)
Will    .....        (no amulet)
Stlth   +            (no ring)
HPRegen 0.23/turn    (no ring)
MPRegen 0.08/turn

%: no passive effects
@: no status effects
A: condensation shield
a: no special abilities


You escaped.
You visited 1 branch of the dungeon, and saw 1 of its levels.

You collected 24 gold pieces.

Inventory:

Hand Weapons
 a - a +1 sling (weapon)
Armour
 c - a +0 robe (worn)
Scrolls
 b - a scroll of poison
 d - a scroll of teleportation {unknown}
 f - a scroll of enchant weapon {unknown}
Potions
 e - a potion of curing {unknown}


   Skills:
 - Level 1.0 Fighting
 + Level 2.7 Ranged Weapons
 - Level 1.7 Dodging
 - Level 1.0 Spellcasting
 - Level 3.0 Hexes


You had 2 spell levels left.
You knew the following spells:

 Your Spells              Type           Power      Damage    Failure   Level
a - Slow                  Hex            36%        N/A       8%          1

Your spell library contained the following spells:

 Spells                   Type           Power      Damage    Failure   Level
 Inner Flame              Hex/Fire       4%         N/A       38%         3
 Portal Projectile        Hex/Tloc       8%         N/A       38%         3
 Cause Fear               Hex            4%         N/A       58%         4


Dungeon Overview and Level Annotations

Branches:
Dungeon (1/15)

Altars:


Innate Abilities, Weirdness & Mutations

A meltable shield of frost defends you. (SH +4)


Message History

A dart slug is nearby!
A dart slug is nearby!
You shoot a sling bullet. The sling bullet hits the dart slug.
The dart slug is moderately wounded.
You shoot a sling bullet. The sling bullet hits the dart slug.
The dart slug is almost dead.
You shoot a sling bullet.
The sling bullet hits the dart slug but does no damage.
The dart slug is almost dead.
You shoot a sling bullet. The sling bullet hits the dart slug.
You kill the dart slug!
You have reached level 2!
Your demonic ancestry asserts itself...
Frost condenses into a shield before you.
A kobold comes into view. It is wielding a +0 whip.
You shoot a sling bullet. The sling bullet hits the kobold.
The kobold shouts!
The kobold is moderately wounded.
The kobold throws a stone.
The stone hits you but does no damage.
A hobgoblin comes into view.
You shoot a sling bullet.
The sling bullet closely misses the kobold.
The hobgoblin shouts!
You shoot a sling bullet. The sling bullet hits the kobold.
You kill the kobold!
An endoplasm comes into view.
You shoot a sling bullet. The endoplasm quivers.
The sling bullet hits the hobgoblin.
You kill the hobgoblin!
You shoot a sling bullet. The sling bullet hits the endoplasm.
The endoplasm is heavily wounded.
You shoot a sling bullet. The sling bullet hits the endoplasm.
The endoplasm is severely wounded.
You shoot a sling bullet. The sling bullet hits the endoplasm.
You kill the endoplasm!
No target in view!
There is a staircase leading out of the dungeon here.
Are you sure you want to leave the Dungeon?
This will make you lose the game!
You have escaped!

#... ##. .# #..#
....##.### #..#
#.##.....# #..#
#.##...#.# #..#
#.......(#
#.†######......8.####
#.......(.....§§§≈≈≈#
###.)####.#...[...≈§§≈#
.....# #...8..8@.§§≈§#
###.## ###.......§§§§#
#.# ##......§≈§≈# #.#
#.....8.#### ###.#
#.#.....# ....#
#.##....# #####
#.#####.# ### #.# .#
..# #.. ..


There were no monsters in sight!

Vanquished Creatures
  A dart slug (D:1)
  An endoplasm (D:1)
  3 hobgoblins (D:1)
  3 ball pythons (D:1)
  2 kobolds (D:1)
  A rat (D:1)
11 creatures vanquished.

Notes
Turn   | Place    | Note
-------+----------+-------------------------------------------
     0 | D:1      | Alarkh the Demonspawn Hexslinger began the quest for the
                  | Orb.
     0 | D:1      | Reached XP level 1. HP: 15/15 MP: 2/2
   178 | D:1      | Gained mutation: A meltable shield of frost defends you.
                  | (SH +4) [demonic ancestry]
   178 | D:1      | Reached XP level 2. HP: 21/21 MP: 3/3
   235 | D:$      | Got out of the dungeon alive.

Illustrated notes

Levels and vault maps discovered:
D:1:      grunt_arrival_lava_bath, layout_loops_ring, serial_shops, shop, shop,
          shop, shop, nicolae_shop_pleasant_corner_grove, st_stairs_8

Skill      XL: |  1 |
---------------+----+-----
Ranged Weapons | 2 |  2.7
Fighting       | |  1.0
Dodging        | |  1.7
Spellcasting   | |  1.0
Hexes          | |  3.0

Action                     || total
---------------------------++-------
   Fire: Sling             ||    35
 Armour: Robe              ||     1
  Dodge: Dodged            ||    11
